 Dungeon Crawl Stone Soup version 0.28.0-53-g5a82cb258f (webtiles) character file.

Game seed: 10382210096825436023

68 MiltankisOP the Ducker (level 4, -2/35 HPs)
             Began as a Merfolk Monk on June 15, 2022.
             Was an Initiate of Yredelemnul.
             Slain by an iguana (12 damage)
             ... on level 4 of the Dungeon.
             The game lasted 00:04:54 (2587 turns).

MiltankisOP the Ducker (Merfolk Monk)               Turns: 2587, Time: 00:04:54

Health: -2/35      AC:  7    Str: 11    XL:     4   Next: 19%
Magic:  4/4        EV: 14    Int:  9    God:    Yredelemnul [......]
Gold:   97         SH:  0    Dex: 18    Spells: 3/3 levels left

rFire   + . .      SeeInvis .   a - +0 spear
rCold   x . .      Faith    .   (no shield)
rNeg    . . .      Spirit   .   h - +1 leather armour {Will+}
rPois   .          Reflect  .   (no helmet)
rElec   +          Harm     .   (no cloak)
rCorr   .          Rampage  .   (no gloves)
Will    ++...                   l - +2 pair of boots
Stlth   +++.......              (no amulet)
HPRegen 0.11/turn               g - ring of Yendor {Fire rElec Will+}
MPRegen 0.09/turn               (no ring)

@: no status effects
A: (nimble swimmer 2), mertail
a: Renounce Religion, Recall Undead Harvest


You were on level 4 of the Dungeon.
You worshipped Yredelemnul.
Yredelemnul was noncommittal.
You visited 1 branch of the dungeon, and saw 4 of its levels.

You collected 97 gold pieces.

Inventory:

Hand Weapons
 a - a +0 spear (weapon)
Armour
 b - a +0 robe
 h - a +1 leather armour of willpower (worn)
 l - a +2 pair of boots (worn)
Jewellery
 c - a ring of wizardry
 g - the ring of Yendor (left hand) {Fire rElec Will+}
   (You found it on level 2 of the Dungeon)

   [ring of fire]

   It enhances your fire magic.
   rF:        It protects you from fire.
   rC:        It makes you vulnerable to cold.
   rElec:     It insulates you from electricity.
   Will:      It increases your willpower.
Wands
 p - a wand of acid (9)
Scrolls
 e - a scroll of enchant weapon {unknown}
 j - a scroll of blinking {unknown}
 m - a scroll of amnesia {unknown}
 n - a scroll of identify {unknown}
 o - a scroll of fog {unknown}
Potions
 d - a potion of heal wounds {unknown}
 f - a potion of curing {unknown}
 i - a potion of haste {unknown}
 k - a potion of attraction {unknown}


   Skills:
 - Level 3.3 Fighting
 - Level 4.4 Polearms
 + Level 5.4 Dodging
 + Level 3.9 Stealth


You had 3 spell levels left.
You didn't know any spells.
Your spell library contained the following spells:

 Spells                   Type           Power      Damage    Failure   Level
 Sting                    Tmut/Pois      0%         1d3       47%         1
 Poisonous Vapours        Pois/Air       0%         N/A       63%         2
 Olgreb's Toxic Radiance  Pois           0%         N/A       99%         4


Dungeon Overview and Level Annotations

Branches:
Dungeon (4/15)             Temple (0/1) D:4

Altars:
Sif Muna
Yredelemnul

Shops:
D:3 !


Innate Abilities, Weirdness & Mutations

((You are very nimble when in or above water. (Stealth+, EV+, Speed+++)))
Your lower body shifts to a powerful aquatic tail in water.


Message History

The iguana is severely wounded.
The iguana bites you.
You barely miss the iguana.
The iguana is severely wounded.
The iguana bites you!
You are too injured to fight recklessly!
You are too injured to fight recklessly!
You are too injured to fight recklessly!
You are too injured to fight recklessly!
You are too injured to fight recklessly!
You are too injured to fight recklessly!
You are too injured to fight recklessly!
You are too injured to fight recklessly!
You are too injured to fight recklessly!
You are too injured to fight recklessly!
You are too injured to fight recklessly!
You are too injured to fight recklessly!
You are too injured to fight recklessly!
You are too injured to fight recklessly!
You are too injured to fight recklessly!
You are too injured to fight recklessly!
You are too injured to fight recklessly!
You are too injured to fight recklessly!
You barely miss the iguana.
The iguana is severely wounded.
The iguana misses you.
You hit the iguana but do no damage.
The iguana is severely wounded.
You hit the iguana but do no damage.
The iguana is severely wounded.
The iguana completely misses you.
You barely miss the iguana.
The iguana is severely wounded.
The iguana bites you.
* * * LOW HITPOINT WARNING * * *
You hit the iguana but do no damage.
The iguana is severely wounded.
The iguana bites you!
You die...
Your body rises from the dead as a mindless zombie.

#...# #..##
#.....## #.<.#
#..# ##......
##..# #..#
#...#### #..#
#..# ##...+
#..# #..#
##....+ #..#
#..# ##...###
...# ##..#
##...## ...#
#...# ##...##
...#
#.l@####...##
###....#....##
............##
..b.........##
............#
#.....?......#
##.............
##.............
#...........###


You could see an iguana.

Vanquished Creatures
  An adder (D:2)
  A worm (D:2)
  4 endoplasms
  2 giant cockroaches
  7 goblins
  9 hobgoblins
  2 quokkas
  7 ball pythons
  5 bats
  2 frilled lizards (D:1)
  A kobold (D:1)
  8 rats
49 creatures vanquished.

Vanquished Creatures (collateral kills)
  A quokka (D:1)
  A goblin (D:2)
  A kobold (D:1)
3 creatures vanquished.

Vanquished Creatures (others)
  A fungus (D:1)
  3 plants (D:1)
4 creatures vanquished.

Grand Total: 56 creatures vanquished

Notes
Turn   | Place    | Note
-------+----------+-------------------------------------------
     0 | D:1      | MiltankisOP the Merfolk Monk began the quest for the Orb.
     0 | D:1      | Reached XP level 1. HP: 18/18 MP: 1/1
   151 | D:1      | Reached XP level 2. HP: 10/24 MP: 2/2
   155 | D:1      | Found a faded altar of an unknown god.
   165 | D:1      | Prayed at the altar of an unknown god.
   165 | D:1      | Became a worshipper of Yredelemnul the Dark
   165 | D:1      | Reached * piety under Yredelemnul
   471 | D:1      | Reached ** piety under Yredelemnul
   564 | D:1      | Reached XP level 3. HP: 17/29 MP: 3/3
  1133 | D:2      | Reached skill level 5 in Dodging
  1274 | D:2      | Identified the ring of Yendor {Fire rElec Will+}
  1544 | D:2      | Reached XP level 4. HP: 35/35 MP: 4/4
  2032 | D:3      | Found a shimmering blue altar of Sif Muna.
  2056 | D:3      | Found Vusowkitoss's Distillery.
  2562 | D:4      | Found a staircase to the Ecumenical Temple.
  2587 | D:4      | Slain by an iguana

Illustrated notes

Levels and vault maps discovered:
D:1:      dpeg_arrival_subterranean_lakeside_camping, layout_loops_ring,
          shapermc_ecumenical_altar_mp_ritualfount
D:2:      layout_loops_ring
D:3:      layout_loops_cross, mainiacjoe_overflow_24_doors, serial_shops, shop
D:4:      layout_layer_cave, minmay_temple_entry_butterflies,
          chequers_serial_rivers_micro_c, kennysheep_opposing_triangles

Skill      XL: |  1  2  3 |
---------------+----------+-----
Stealth        | 3 |  3.9
Dodging        | 5 |  5.4
Fighting       | |  3.3
Polearms       | |  4.4

Action                   |  1- 3 |  4- 6 || total
-------------------------+-------+-------++-------
Melee: Spear             |   123 |    54 ||   177
 Stab: Sleeping          |    15 |     4 ||    19
Armor: Robe              |    13 |       ||    13
       Leather armour    |     1 |     7 ||     8
Dodge: Dodged            |    48 |    23 ||    71
